 Dungeon Crawl Stone Soup version 0.18.1-8-gdd0e5ea (webtiles) character file.

5275 MARSONE the Blocker (level 10, -1/63 HPs)
             Began as a Gargoyle Fighter on May 28, 2016.
             Was a Priest of Trog.
             Slain by georgeearnest's ghost (5 damage)
             ... in a bailey.
             The game lasted 00:45:51 (9088 turns).

MARSONE the Blocker (Gargoyle Fighter)              Turns: 9088, Time: 00:45:52

Health: -1/63      AC: 22    Str: 27    XL:     10   Next: 63%
Magic:  3/3        EV:  4    Int: 10    God:    Trog [***...]
Gold:   399        SH: 18    Dex:  9    Spells: 0 memorised, 9 levels left

rFire  + + +     SeeInvis .     N - +2 morningstar (antimagic)
rCold  + . .     Gourm    .     P - +0 plate armour
rNeg   + . .     Faith    +     k - +0 large shield
rPois  ∞         Spirit   .     y - +0 helmet
rElec  +         Dismiss  .     (no cloak)
rCorr  +         Reflect  .     G - +0 pair of gloves
SustAt .         Harm     .     (no boots)
MR     .....                    D - amulet "Iskecs" {Faith rPois}
Stlth  ..........               t - ring of flight
                                r - ring of protection from fire

@: mighty, exhausted, resistant, slowed, heavily drained, very slow, not
resistant to hostile enchantments, extremely unstealthy
A: fire resistance 1, negative energy resistance 1, sense surroundings 1,
electricity resistance, unbreathing, petrification resistance, rot immunity, AC
+7
a: Berserk, Trog's Hand, Burn Spellbooks, Renounce Religion, Evoke Flight


You were in a bailey.
You worshipped Trog.
Trog was most pleased with you.
You were near starving.

You visited 1 branch of the dungeon, and saw 9 of its levels.
You also visited: Bailey.

You collected 399 gold pieces.

Inventory:

Hand Weapons
 N - a +2 antimagic morningstar (weapon)
 O - a +1 morningstar of holy wrath
Missiles
 w - 21 tomahawks of returning (quivered)
Armour
 j - a +0 animal skin
 k - a +0 large shield (worn)
 s - a +0 animal skin
 y - a +0 helmet (worn)
 G - a +0 pair of gloves (worn)
 P - a +0 plate armour (worn)
Jewellery
 e - an uncursed amulet of rage
 r - a ring of protection from fire (left hand)
 t - a ring of flight (right hand)
 D - the amulet "Iskecs" (around neck) {Faith rPois}
   (You found it on level 6 of the Dungeon)

   [amulet of faith]

   It allows you to gain divine favour quickly.
   It protects you from poison.
Wands
 H - a wand of confusion (30/48)
 L - a wand of random effects (21/48)
 S - a wand of flame (33/48)
Scrolls
 a - a scroll of random uselessness {unknown}
 c - a scroll of magic mapping
 g - 4 scrolls of immolation
 h - a scroll of enchant weapon
 l - 3 scrolls of teleportation
 m - 9 scrolls of identify
 o - a scroll of torment {unknown}
 q - a scroll of noise
 u - a scroll of fear
 v - a scroll of recharging
 A - a scroll of remove curse
 B - 3 scrolls of enchant armour
Potions
 n - 2 potions of mutation
 C - 3 potions of lignification {unknown}
 I - a potion of agility {unknown}
 R - a potion of berserk rage {unknown}
Comestibles
 b - a chunk of flesh
 f - 2 bread rations
 i - a beef jerky
 p - 5 meat rations
 x - a royal jelly
 z - 3 fruits
 E - a slice of pizza


   Skills:
 + Level 7.1(5.5) Fighting
 + Level 7.3(5.6) Maces & Flails
 + Level 7.8(6.1) Armour
 + Level 12.0(10.1) Shields


You had 9 spell levels left.
You didn't know any spells.

Dungeon Overview and Level Annotations

Branches:
Dungeon (9/15)             Temple (0/1) D:6
   Lair: D:8-11         Orc: D:9-12

Altars:
Ashenzari
Cheibriados
Fedhas
Kikubaaqudgha
Ru
Sif Muna
Trog
Yredelemnul

Annotations:
D:5 Blork the orc Bailey georgeearnest's ghost, novice DrMo


Innate Abilities, Weirdness & Mutations

You are resistant to torment.
Your stone body is resilient (AC +7).
You are immune to poison.
You resist negative energy.
You are resistant to electric shocks.
You can survive without breathing.
You are immune to petrification.
You are immune to rotting.
Your flesh is heat resistant.
You passively map a small area around you.


Message History

Georgeearnest's ghost dodges and says, "Too slow!"
You block georgeearnest's ghost's attack.
Georgeearnest's ghost hits you but does no damage.
You miss georgeearnest's ghost.
Georgeearnest's ghost is heavily damaged.
You block georgeearnest's ghost's attack.
Georgeearnest's ghost hits you.
* * * LOW HITPOINT WARNING * * *
You feel protected.
Georgeearnest's ghost hits you but does no damage.
You miss georgeearnest's ghost.
Georgeearnest's ghost is heavily damaged.
Georgeearnest's ghost hits you!
* * * LOW HITPOINT WARNING * * *
Georgeearnest's ghost hits you but does no damage.
You hit georgeearnest's ghost.
Georgeearnest's ghost is moderately damaged.
You block georgeearnest's ghost's attack.
Georgeearnest's ghost hits you.
You die...

...##...))##.....##
8...##'''##...8...##
....................##
...............))....#
.8.............8..8..#
.....................#
...####...####......##
..# ≈o#####g≈##....##♣
.. ≈:?8..g8![≈#.@.##.♣
#≈.........≈#W###..♣♣
,#≈..8...8..≈#.≈≈≈K..♣
, *#.≈≈≈K..♣ #(≈≈≈...∩
≈ , ≈#.≈≈≈(..♣ ≈ ,, ,≈
#(≈≈≈...♣ *
,*##)###.(♣♣ , 8,
#.†..##.♣


You could see georgeearnest's ghost.

Vanquished Creatures
  Pikel (D:4)
  The ghost of Scuka the Archer, a novice CeHu (D:5)
  The ghost of wallmoss the Ducker, an amateur TrBe of Trog (D:4)
  Grinder (D:3)
  A wyvern (D:8)
  A hungry ghost (D:7)
  4 orc warriors
  3 sky beasts
  A necrophage (D:6)
  An ice beast (D:5)
  2 black bears
  A phantom (D:8)
  14 ogres
  2 centaurs
  3 giant frogs
  4 killer bees (D:7)
  A vampire bat (D:3)
  2 howler monkeys (D:8)
  A centaur zombie (D:6)
  A quasit (D:7)
  3 jellies
  2 orc priests (D:7)
  4 hounds
  An orc wizard (D:3)
  A giant frog skeleton (D:4)
  Jessica (D:3)
  2 iguanas
  Terence (D:2)
  4 worker ants
  2 hound zombies (D:5)
  A hound skeleton (D:5)
  A howler monkey skeleton (D:7)
  7 gnolls
  6 adders
  A shadow imp (D:7)
  2 adder zombies
  3 worms
  3 dart slugs
  8 giant geckos
  18 orcs
  A ball python (D:2)
  11 bats
  8 giant cockroaches
  7 hobgoblins
  11 jackals
  10 kobolds
  3 quokkas
  A giant gecko skeleton (D:5)
  A giant gecko zombie (D:6)
  7 giant newts
  13 goblins
  A jackal zombie (D:6)
  A quokka skeleton (D:4)
  3 rats
195 creatures vanquished.

Vanquished Creatures (others)
  A slave (D:4)
  A human (D:5)
  A giant cockroach (D:4)
  A giant newt (D:4)
4 creatures vanquished.

Grand Total: 199 creatures vanquished

Notes
Turn   | Place    | Note
--------------------------------------------------------------
     0 | D:1      | MARSONE the Gargoyle Fighter began the quest for the Orb.
     0 | D:1      | Reached XP level 1. HP: 14/14 MP: 1/1
   203 | D:1      | Reached XP level 2. HP: 19/19 MP: 2/2
   587 | D:1      | Reached XP level 3. HP: 21/23 MP: 3/3
  1113 | D:2      | Noticed Terence
  1134 | D:2      | Killed Terence
  1134 | D:2      | Reached skill level 4 in Shields
  1134 | D:2      | Reached XP level 4. HP: 28/29 MP: 4/4
  1151 | D:2      | Found a shattered altar of Ashenzari.
  1153 | D:2      | Found a basalt altar of Yredelemnul.
  1692 | D:2      | Found a bloodstained altar of Trog.
  1699 | D:2      | Became a worshipper of Trog the Wrathful
  1747 | D:2      | Reached XP level 5. HP: 30/33 MP: 5/5
  2205 | D:3      | Noticed Jessica
  2218 | D:3      | Killed Jessica
  2218 | D:3      | Reached skill level 5 in Shields
  2233 | D:3      | Reached XP level 6. HP: 32/38 MP: 6/6
  2270 | D:3      | Reached * piety under Trog
  2358 | D:3      | Found a bloodstained altar of Trog.
  2358 | D:3      | Noticed Grinder
  2361 | D:3      | Paralysed by Grinder for 5 turns
  2383 | D:3      | Paralysed by Grinder for 6 turns
  2401 | D:3      | Killed Grinder
  2401 | D:3      | Reached skill level 6 in Shields
  2410 | D:3      | Reached XP level 7. HP: 28/44 MP: 7/7
  2904 | D:4      | Noticed Pikel
  2930 | D:4      | Gained mutation: You passively map a small area around you. [potion of mutation]
  2930 | D:4      | Gained mutation: Your flesh is heat resistant. [potion of mutation]
  2957 | D:4      | Killed Pikel
  2957 | D:4      | Reached skill level 5 in Fighting
  2957 | D:4      | Reached skill level 5 in Armour
  2957 | D:4      | Reached skill level 7 in Shields
  2957 | D:4      | Reached XP level 8. HP: 17/49 MP: 8/8
  3281 | D:4      | Found a blossoming altar of Fedhas.
  3318 | D:4      | Reached skill level 8 in Shields
  3585 | D:4      | Noticed wallmoss's ghost (amateur TrBe)
  3600 | D:4      | HP: 2/49 [wallmoss's ghost (23)]
  3601 | D:4      | Killed wallmoss's ghost
  3977 | D:4      | Found a sacrificial altar of Ru.
  4349 | D:5      | Entered Level 5 of the Dungeon
  4458 | D:5      | Found an ancient bone altar of Kikubaaqudgha.
  4589 | D:5      | Reached skill level 5 in Maces & Flails
  4589 | D:5      | Reached skill level 9 in Shields
  4647 | D:5      | Reached XP level 9. HP: 39/55 MP: 9/9
  4662 | D:5      | Noticed Blork the orc
  4668 | D:5      | Found a deep blue altar of Sif Muna.
  4820 | D:5      | Noticed Scuka's ghost (novice CeHu)
  4836 | D:5      | Killed Scuka's ghost
  5109 | D:6      | Got a crude silver amulet
  5110 | D:6      | Identified the amulet "Iskecs" {Faith rPois} (You found it on level 6 of the Dungeon)
  5146 | D:6      | Found a staircase to the Ecumenical Temple.
  5529 | D:6      | Reached ** piety under Trog
  6099 | D:7      | Reached skill level 10 in Shields
  6431 | D:7      | Found a bloodstained altar of Trog.
  6841 | D:7      | Found a snail-covered altar of Cheibriados.
  7417 | D:8      | Reached XP level 10. HP: 49/61 MP: 10/10
  7503 | D:8      | Reached skill level 11 in Shields
  7615 | D:8      | Reached *** piety under Trog
  8872 | D:9      | Found a flagged portal.
  8895 | Bailey   | Entered a bailey
  8900 | Bailey   | Noticed an orc warlord
  9029 | Bailey   | Reached skill level 12 in Shields
  9048 | Bailey   | Noticed georgeearnest's ghost (novice DrMo)
  9088 | Bailey   | Slain by georgeearnest's ghost

Skill      XL: |  1  2  3  4  5  6  7  8  9 10 |
---------------+-------------------------------+-----
Armour         | 4 5 6 7 |  7.8
Shields        | 4 5 6 7 9 10 12 | 12.0
Fighting       | 4 5 6 7 |  7.1
Maces & Flails | 3 4 5 6 7 |  7.3

Action                   |  1- 3 |  4- 6 |  7- 9 | 10-12 || total
-------------------------+-------+-------+-------+-------++-------
Melee: Flail             |   184 |   180 |   408 |   103 ||   875
       Morningstar       |       |       |       |   255 ||   255
Throw: Tomahawk          |       |       |       |     2 ||     2
Invok: Berserk           |       |       |       |     1 ||     1
Evoke: Wand              |       |       |       |     1 ||     1
  Use: Potion            |       |     1 |     7 |     2 ||    10
       Scroll            |       |       |       |    12 ||    12
 Stab: Invisible         |       |       |     3 |       ||     3
  Eat: Chunk             |     1 |     5 |     6 |     6 ||    18
       Meat ration       |       |       |     1 |       ||     1
       Fruit             |       |       |     1 |       ||     1
       Bread ration      |       |       |     1 |       ||     1
Armor: Scale mail        |   112 |    82 |   136 |       ||   330
       Chain mail        |       |       |    35 |    35 ||    70
       Plate armour      |       |       |       |   176 ||   176
Dodge: Dodged            |    51 |    34 |    81 |    47 ||   213
Block: Shield            |    61 |       |       |       ||    61
       Large shield      |    41 |   154 |   401 |   326 ||   922
